 Dungeon Crawl Stone Soup version 0.30-a0-1035-g38d5fb2972 (webtiles) character file.

Game seed: 4013072674606795813

596 DeathPants the Stinger (level 7, -7/55 HPs)
             Began as a Naga Venom Mage on Apr 8, 2023.
             Mangled by an iguana (13 damage)
             ... on level 4 of the Dungeon.
             The game lasted 00:13:20 (4358 turns).

DeathPants the Stinger (Naga Venom Mage)            Turns: 4358, Time: 00:13:20

Health: -7/55      AC:  5    Str: 10    XL:     7   Next: 40%
Magic:  7/13       EV: 10    Int: 17    God:
Gold:   703        SH:  0    Dex: 12    Spells: 4/14 levels left

rFire   + . .      SeeInvis +    b - +2 dagger (venom)
rCold   + . .      Faith    .    (no shield)
rNeg    . . .      Spirit   .    d - +0 robe
rPois   +          Reflect  .    k - +0 helmet
rElec   .          Rampage  .    x - scarf {rC+ rF+}
rCorr   +                        o - +0 pair of gloves
Will    .....                    (no barding)
Stlth   ++                       q - amulet of magic regeneration
HPRegen 0.29/turn                e - ring of resist corrosion
MPRegen 0.53/turn                (no ring)

@: very slow
A: AC +2, large, see invisible, deformed body, poison resistance, slowness 2,
spit poison 1, naga tail 1
a: Spit Poison


You were on level 4 of the Dungeon.
You visited 2 branches of the dungeon, and saw 6 of its levels.

You collected 703 gold pieces.

Inventory:

Hand Weapons
 a - a +0 scimitar
 b - a +2 dagger of venom (weapon)
Missiles
 j - 3 poisoned darts
Armour
 d - a +0 robe (worn)
 k - a +0 helmet (worn)
 n - a scarf of shadows
 o - a +0 pair of gloves (worn)
 x - a scarf of resistance (worn)
Jewellery
 e - a ring of resist corrosion (left hand)
 q - an amulet of magic regeneration (around neck)
Wands
 p - a wand of flame (24)
Scrolls
 c - a scroll of blinking
 h - a scroll of butterflies {unknown}
 i - a scroll of immolation {unknown}
 s - a scroll of poison {unknown}
 t - 2 scrolls of enchant armour {unknown}
 u - a scroll of teleportation {unknown}
 w - a scroll of fear
 y - a scroll of amnesia {unknown}
Potions
 f - a potion of attraction {unknown}
 g - 2 potions of mutation
 l - 2 potions of degeneration {unknown}
 m - 3 potions of heal wounds
 r - a potion of haste
 v - a potion of curing
 z - a potion of lignification


   Skills:
 - Level 1.5 Dodging
 - Level 3.0 Stealth
 - Level 4.0 Spellcasting
 + Level 3.6 Conjurations
 - Level 1.0 Transmutations
 - Level 4.0 Air Magic
 - Level 6.0 Poison Magic


You had 4 spell levels left.
You knew the following spells:

 Your Spells              Type           Power      Damage    Failure   Level
a - Sting                 Tmut/Pois      60%        1d6       3%          1
b - Poisonous Vapours     Pois/Air       40%        N/A       3%          2
c - Mephitic Cloud        Conj/Pois/Air  18%        N/A       8%          3
d - Olgreb's Toxic Radia  Pois           23%        N/A       13%         4

Your spell library contained the following spells:

 Spells                   Type           Power      Damage    Failure   Level
 Vhi's Electric Charge    Tloc/Air       20%        N/A       21%         3
 Arcjolt                  Conj/Air       8%         1d18      65%         5
 Maxwell's Capacitive Co  Air            8%         ∞         100%        8


Dungeon Overview and Level Annotations

Branches:
Dungeon (5/15)             Temple (1/1) D:4

Altars:
Ashenzari
Cheibriados
Fedhas
Gozag
Makhleb
Okawaru
Ru
Trog
Uskayaw
Vehumet
Xom
Yredelemnul
Zin
The Shining One
Lugonu

Portals:
Abyss: D:3


Innate Abilities, Weirdness & Mutations

Your serpentine skin is tough. (AC +2)
You have supernaturally acute eyesight. (SInv)
Armour fits poorly on your strangely shaped body.
Your system is resistant to poisons. (rPois)
You cover ground very slowly.
You can spit poison.
You have a snake-like lower body.


Message History

The orc wizard is poisoned.
You kill the orc wizard!
The orc wizard completely misses you.
The iguana bites you but does no damage.
Aiming: Poisonous Vapours (safe; 3% risk of failure)
Press: ? - help, Q - select action, (/) - cycle Dir - move target, f - iguana, p - orc wizard
Aim: an iguana Poisonous vapours surround the iguana!
The iguana is poisoned.
The orc wizard hits you but does no damage.
The iguana bites you!
* * * LOW HITPOINT WARNING * * *
You hit the orc wizard.
The orc wizard looks even sicker.
The orc wizard is lightly wounded.
The orc wizard hits you but does no damage.
The iguana barely misses you.
You closely miss the orc wizard.
The orc wizard is lightly wounded.
The orc wizard closely misses you. The iguana completely misses you.
You closely miss the orc wizard.
The orc wizard is lightly wounded.
The orc wizard hits you with a +0 dagger.
* * * LOW HITPOINT WARNING * * *
The iguana barely misses you.
You hit the orc wizard.
The orc wizard looks as sick as possible!
The orc wizard is heavily wounded.
The orc wizard closely misses you. The iguana bites you.
* * * LOW HITPOINT WARNING * * *
You hit the orc wizard.
The orc wizard looks as sick as possible!
The orc wizard is severely wounded.
You kill the orc wizard!
The iguana bites you.
* * * LOW HITPOINT WARNING * * *
Aiming: Poisonous Vapours (safe; 3% risk of failure)
Press: ? - help, Q - select action, (/) - cycle Dir - move target, f/p - iguana
Aim: an iguana (poisoned) Poisonous vapours surround the iguana!
The iguana looks even sicker.
The iguana bites you!
You die...

### #########)###
#........#@)##### .. #
#.##....###l....# #.# ###
#.##.#...#..###.###.#####..
#.##......................#
#.###..##.#.###.#..........
#.# #..##.#.# #.###.####..#
#.###..##.#.###.......##..#
#...........>###...........
##.##..##.....##.##.#.##..#


You could see an iguana (very poisoned).

Vanquished Creatures
  Sigmund (D:3)
  A howler monkey (D:4)
  5 hounds
  2 orc priests (D:4)
  2 orc wizards (D:4)
  5 adders
  A worm (D:4)
  2 dart slugs
  7 orcs
  6 ball pythons
  6 endoplasms
  2 giant cockroaches (D:4)
  7 goblins
  12 hobgoblins
  3 quokkas
  6 bats
  7 frilled lizards
  13 kobolds
  A rat (D:2)
89 creatures vanquished.

Notes
Turn   | Place    | Note
-------+----------+-------------------------------------------
     0 | D:1      | DeathPants the Naga Venom Mage began the quest for the Orb.
     0 | D:1      | Reached XP level 1. HP: 15/15 MP: 3/3
   537 | D:1      | Reached XP level 2. HP: 18/22 MP: 1/5
  1464 | D:2      | Learned a level 2 spell: Poisonous Vapours
  1496 | D:2      | Reached skill level 5 in Poison Magic
  1653 | D:2      | Reached XP level 3. HP: 27/27 MP: 3/6
  1901 | D:3      | Reached XP level 4. HP: 34/36 MP: 5/8
  2189 | D:2      | Reached skill level 6 in Poison Magic
  2201 | D:2      | Learned a level 3 spell: Mephitic Cloud
  2503 | D:2      | Found a faded altar of an unknown god.
  2805 | D:3      | Found a large runed translucent door.
  2806 | D:3      | Found a large runed translucent door.
  2806 | D:3      | Found a corrupted altar of Lugonu.
  2989 | D:3      | Noticed Sigmund
  3020 | D:3      | Killed Sigmund
  3021 | D:3      | Reached XP level 5. HP: 42/42 MP: 3/10
  3021 | D:3      | Reached XP level 6. HP: 49/49 MP: 3/11
  3098 | D:3      | Found a one-way gate to the infinite horrors of the Abyss.
  3225 | D:4      | Identified a scroll of acquirement
  3225 | D:4      | Acquired 350 gold pieces
  3238 | D:5      | Entered Level 5 of the Dungeon
  3356 | D:4      | Found a basalt altar of Yredelemnul.
  3430 | D:4      | Found an opulent altar of Gozag.
  3484 | D:4      | Learned a level 4 spell: Olgreb's Toxic Radiance
  3656 | D:4      | Reached skill level 1 in Conjurations
  3769 | D:4      | Found a staircase to the Ecumenical Temple.
  3782 | D:4      | Reached XP level 7. HP: 32/55 MP: 7/13
  3916 | Temple   | Entered the Ecumenical Temple
  4358 | D:4      | Mangled by an iguana

Illustrated notes

Levels and vault maps discovered:
D:1:      eino_arrival_water_cross, layout_loops_corners
D:2:      layout_basic, hellmonk_ecumenical_altar_inner_sanctum,
          minmay_pentomino_u4
D:3:      due_chaos_kobolds, layout_rooms, uniq_sigmund
D:4:      corexii_shack_village, layout_loops_ring, amcnicky_altar_gilded,
          lemuel_tele_altar, minmay_temple_entry_proselytizer
D:5:      layout_cave_pools, nicolae_hepliaklqana_monster_ancestors,
          uniq_eustachio
Temple:   hellmonk_temple_two_chambers

Skill      XL: |  1  2  3  4  5  6  7 |
---------------+----------------------+-----
Poison Magic   | 5 6 |  6.0
Spellcasting   | 3 4 |  4.0
Air Magic      | 3 4 |  4.0
Conjurations   | 1 3 |  3.6
Dodging        | |  1.5
Stealth        | |  3.0
Transmutations | |  1.0

Action                     |  1- 3 |  4- 6 |  7- 9 || total
---------------------------+-------+-------+-------++-------
  Melee: Falchion          |     3 |       |       ||     3
         Dagger            |    13 |   105 |    28 ||   146
         Punch             |       |     4 |       ||     4
   Cast: Sting             |    45 |    19 |       ||    64
         Poisonous Vapours |       |    41 |    18 ||    59
         Mephitic Cloud    |       |     1 |     2 ||     3
    Use: Scroll            |       |     8 |       ||     8
         Potion            |       |     2 |       ||     2
   Stab: Sleeping          |     1 |     5 |     1 ||     7
 Armour: Robe              |    13 |    42 |    25 ||    80
         Skin              |       |    13 |       ||    13
  Dodge: Dodged            |    25 |    64 |    38 ||   127

Table legend: (Time is in decaauts)
 A = Elapsed time spent in this place.
 B = Non-inter-level travel time spent in this place.
 C = Inter-level travel time spent in this place.
 D = Time resting spent in this place.
 E = Time spent auto-exploring this place.
 F = Levels seen in this place.
 G = Mean time per level.
                   A        B        C        D        E       F      G
               +--------+--------+--------+--------+--------+-----+--------+
         Total |   5382 |   5325 |     57 |    747 |   3297 |   6 |  897.0 |
       Dungeon |   5347 |   5290 |     57 |    747 |   3297 |   5 | 1069.4 |
        Temple |     35 |     35 |      0 |      0 |      0 |   1 |   35.0 |
               +--------+--------+--------+--------+--------+-----+--------+

Top non-repeatable levels by time:
     D:2: 1613 daAuts
     D:1: 1438 daAuts
     D:4: 1292 daAuts
     D:3: 969 daAuts
  Temple: 35 daAuts
     D:5: 33 daAuts
